[ PARTIDA AOE2 · #478445203 ]
UnrankedTeutones vs Sicilians
Equipo del jugador · VICT
[ ANÁLISIS DE REPETICIÓN · EXTRAÍDO DE LA PARTIDA GRABADA ]
Feudal
—
Castillos
—
Imperial
—
| APM promedio | 16.7 |
| APM pico | 28 |
| eAPM promedio | 6.5 |
| Aldeanos / militares | 0 / 315 |
Foco
⚔️ 90.0% · 🌾 10.0%
Knight ×315
Feudal
—
Castillos
—
Imperial
—
| APM promedio | 53.1 |
| APM pico | 99 |
| eAPM promedio | 45.2 |
| Aldeanos / militares | 0 / 1226 |
Foco
⚔️ 98.0% · 🌾 2.0%
Knight ×1101 · Unknown (1661) ×275 · Spearman ×125
Feudal
—
Castillos
—
Imperial
—
| APM promedio | 57.5 |
| APM pico | 117 |
| eAPM promedio | 41.7 |
| Aldeanos / militares | 0 / 1387 |
Foco
⚔️ 97.0% · 🌾 3.0%
Knight ×988 · Cavalry Archer ×399
Feudal
—
Castillos
—
Imperial
—
| APM promedio | 34.0 |
| APM pico | 70 |
| eAPM promedio | 10.2 |
| Aldeanos / militares | 0 / 385 |
Foco
⚔️ 79.0% · 🌾 21.0%
Knight ×385
Feudal
—
Castillos
—
Imperial
—
| APM promedio | 25.9 |
| APM pico | 42 |
| eAPM promedio | 11.1 |
| Aldeanos / militares | 0 / 778 |
Foco
⚔️ 93.0% · 🌾 7.0%
Hand Cannoneer ×719 · Knight ×59
Feudal
—
Castillos
—
Imperial
—
| APM promedio | 61.0 |
| APM pico | 94 |
| eAPM promedio | 28.6 |
| Aldeanos / militares | 0 / 1360 |
Foco
⚔️ 86.8% · 🌾 13.2%
Cavalry Archer ×1026 · Camel Scout ×334
Feudal
—
Castillos
—
Imperial
—
| APM promedio | 46.9 |
| APM pico | 82 |
| eAPM promedio | 31.2 |
| Aldeanos / militares | 0 / 1682 |
Foco
⚔️ 99.0% · 🌾 1.0%
Militia ×1237 · Archer ×284 · Battering Ram ×161
Feudal
—
Castillos
—
Imperial
—
| APM promedio | 37.4 |
| APM pico | 65 |
| eAPM promedio | 20.7 |
| Aldeanos / militares | 0 / 651 |
Foco
⚔️ 92.2% · 🌾 7.8%
Knight ×626 · Camel Scout ×25
Mapa de la partida
Recursos iniciales + cada clic de construcción. Líneas = muros · curvas = relieve. ◆ oro · ⬟ piedra · ● bayas · ✦ reliquia · ◌ hueco del cierre
Tu base· Abierta
Base de [M8]Iggles· Abierta
Base de Queen Bee· Abierta
Base de HeraclesTheCat· Abierta
Base de TroubleMaker· ✓ Separados por el mapa
Base de Jeff Epstein· Abierta
Base de [SWRD] OverGame· ✓ Separados por el mapa
Base de kızılelma· Abierta
Terreno inicial suavizado · ◌ = hueco del cierre detectado · pasá el cursor para detalles
Inputs por minuto
— sigothepotatoguy - - [M8]Iggles
Build order — sigothepotatoguy
89 acciones detectadas en el replay
| 22:27 | Construir | Stable |
| 22:28 | Construir | Stable |
| 22:30 | Construir | Stable |
| 22:32 | Construir | Stable |
| 22:36 | Construir | Stable |
| 22:39 | Construir | Stable |
| 22:40 | Construir | Stable |
| 22:42 | Construir | Stable |
| 22:44 | Construir | Stable |
| 22:50 | Construir | Stable |
| 24:02 | Investigar | Bloodlines |
| 24:05 | Investigar | Ironclad |
| 24:09 | Investigar | Chain Barding Armor |
| 24:10 | Investigar | Iron Casting |
| 24:11 | Investigar | Chain Mail Armor |
| 24:14 | Investigar | Leather Archer Armor |
| 24:15 | Investigar | Bodkin Arrow |
| 24:19 | Investigar | Ballistics |
| 24:20 | Investigar | Guard Tower (upgrade) |
| 24:20 | Investigar | Tech 909 |
| 24:21 | Investigar | Tech 908 |
| 24:22 | Investigar | Careening |
| 24:31 | Crear | Knight ×5 |
| 24:31 | Crear | Knight ×5 |
| 24:32 | Crear | Knight ×5 |
| 24:32 | Crear | Knight ×5 |
| 24:32 | Crear | Knight ×5 |
| 24:33 | Crear | Knight ×5 |
| 24:33 | Crear | Knight ×5 |
| 24:33 | Crear | Knight ×5 |
| 25:09 | Crear | Knight ×5 |
| 25:09 | Crear | Knight ×5 |
| 25:09 | Crear | Knight ×2 |
| 26:10 | Crear | Knight ×5 |
| 26:10 | Crear | Knight ×5 |
| 26:11 | Crear | Knight ×5 |
| 26:11 | Crear | Knight ×5 |
| 26:11 | Crear | Knight ×5 |
| 26:12 | Crear | Knight ×5 |
| 26:12 | Crear | Knight ×5 |
| 26:12 | Crear | Knight ×5 |
| 26:13 | Crear | Knight ×5 |
| 26:44 | Crear | Knight ×5 |
| 26:45 | Crear | Knight ×5 |
| 28:02 | Crear | Knight ×5 |
| 28:02 | Crear | Knight ×5 |
| 28:02 | Crear | Knight ×5 |
| 28:03 | Crear | Knight ×5 |
| 28:03 | Crear | Knight ×5 |
| 28:04 | Crear | Knight ×5 |
| 28:04 | Crear | Knight ×5 |
| 28:31 | Crear | Knight ×5 |
| 28:31 | Crear | Knight ×5 |
| 28:32 | Crear | Knight ×5 |
| 28:32 | Crear | Knight ×5 |
| 28:32 | Crear | Knight ×5 |
| 28:33 | Crear | Knight ×5 |
| 29:18 | Crear | Knight ×5 |
| 29:18 | Crear | Knight ×5 |
| 29:18 | Crear | Knight ×5 |
| 29:24 | Crear | Knight ×5 |
| 29:24 | Crear | Knight ×5 |
| 29:24 | Crear | Knight ×5 |
| 29:25 | Crear | Knight ×5 |
| 29:25 | Crear | Knight |
| 29:48 | Crear | Knight ×5 |
| 29:48 | Crear | Knight ×5 |
| 29:48 | Crear | Knight ×5 |
| 30:37 | Construir | Stable |
| 30:45 | Crear | Knight ×5 |
| 30:46 | Crear | Knight ×5 |
| 30:46 | Crear | Knight ×5 |
| 30:47 | Crear | Knight ×5 |
| 30:47 | Crear | Knight ×5 |
| 30:47 | Crear | Knight ×5 |
| 30:48 | Crear | Knight ×5 |
| 32:07 | Construir | Market |
| 33:01 | Crear | Knight ×5 |
| 33:01 | Crear | Knight ×5 |
| 33:01 | Crear | Knight ×5 |
| 33:02 | Crear | Knight ×5 |
| 33:02 | Crear | Knight ×5 |
| 33:02 | Crear | Knight ×5 |
| 33:03 | Crear | Knight ×5 |
| 33:03 | Crear | Knight ×5 |
| 33:04 | Crear | Knight ×5 |
| 33:04 | Crear | Knight ×5 |
| 33:04 | Crear | Knight ×5 |
| 33:04 | Crear | Knight ×2 |
Build order — [M8]Iggles
Primeras 150 de 389 acciones detectadas
| 4:35 | Construir | Barracks |
| 4:37 | Construir | Stable |
| 4:38 | Construir | Stable |
| 4:39 | Construir | Stable |
| 4:42 | Construir | Stable |
| 4:44 | Construir | Stable |
| 4:45 | Construir | Stable |
| 5:21 | Construir | Stable |
| 5:24 | Construir | Stable |
| 5:25 | Construir | Stable |
| 9:06 | Investigar | Husbandry |
| 9:06 | Investigar | Bloodlines |
| 9:07 | Investigar | Bloodlines |
| 9:07 | Crear | Knight ×5 |
| 9:08 | Crear | Knight ×5 |
| 9:08 | Crear | Knight |
| 9:09 | Crear | Knight ×5 |
| 9:09 | Crear | Knight ×5 |
| 9:10 | Crear | Knight |
| 9:10 | Crear | Knight ×5 |
| 9:10 | Crear | Knight ×5 |
| 9:10 | Crear | Knight ×5 |
| 9:18 | Investigar | Squires |
| 9:19 | Investigar | Arson |
| 9:20 | Investigar | Pikeman (upgrade) |
| 9:20 | Investigar | Long Swordsman (upgrade) |
| 9:21 | Investigar | Gambesons |
| 9:23 | Investigar | Chain Mail Armor |
| 9:23 | Investigar | Bodkin Arrow |
| 9:24 | Investigar | Leather Archer Armor |
| 9:25 | Investigar | Chain Barding Armor |
| 9:28 | Investigar | Ballistics |
| 9:57 | Investigar | First Crusade |
| 9:57 | Investigar | First Crusade |
| 10:08 | Construir | Stable |
| 10:09 | Construir | Stable |
| 10:10 | Construir | Stable |
| 10:11 | Construir | Stable |
| 10:13 | Construir | Stable |
| 10:23 | Construir | Stable |
| 10:25 | Construir | Stable |
| 10:26 | Construir | Stable |
| 10:50 | Crear | Knight ×5 |
| 10:51 | Crear | Knight ×5 |
| 10:51 | Crear | Knight ×5 |
| 10:52 | Crear | Knight |
| 10:52 | Crear | Knight ×5 |
| 10:52 | Crear | Knight ×5 |
| 10:52 | Crear | Knight ×5 |
| 10:52 | Crear | Knight ×5 |
| 10:53 | Crear | Knight ×5 |
| 10:53 | Crear | Knight ×5 |
| 10:53 | Crear | Knight ×5 |
| 10:53 | Crear | Knight ×5 |
| 10:54 | Crear | Knight ×5 |
| 10:54 | Crear | Knight ×5 |
| 10:54 | Crear | Knight ×5 |
| 10:54 | Crear | Knight ×5 |
| 10:55 | Crear | Knight ×5 |
| 10:55 | Crear | Knight ×5 |
| 10:55 | Crear | Knight ×5 |
| 10:55 | Crear | Knight ×5 |
| 10:56 | Crear | Knight ×5 |
| 10:56 | Crear | Knight ×5 |
| 10:56 | Crear | Knight ×5 |
| 10:56 | Crear | Knight ×5 |
| 10:57 | Crear | Knight ×2 |
| 10:57 | Crear | Knight |
| 10:57 | Crear | Knight |
| 11:46 | Crear | Knight ×5 |
| 11:46 | Crear | Knight ×5 |
| 11:47 | Crear | Knight |
| 11:47 | Crear | Knight ×5 |
| 11:47 | Crear | Knight ×5 |
| 11:48 | Crear | Knight ×5 |
| 11:48 | Crear | Knight ×5 |
| 11:48 | Crear | Knight ×5 |
| 11:48 | Crear | Knight ×5 |
| 11:49 | Crear | Knight ×5 |
| 11:49 | Crear | Knight ×5 |
| 11:49 | Crear | Knight ×3 |
| 12:20 | Crear | Knight ×5 |
| 12:21 | Crear | Knight ×5 |
| 12:21 | Crear | Knight ×4 |
| 12:21 | Crear | Knight ×4 |
| 12:22 | Crear | Knight ×4 |
| 12:22 | Crear | Knight ×4 |
| 12:24 | Crear | Knight ×5 |
| 12:25 | Crear | Knight ×5 |
| 12:25 | Crear | Knight ×5 |
| 12:25 | Crear | Knight ×5 |
| 12:32 | Construir | Guard Tower |
| 12:34 | Construir | Guard Tower |
| 12:35 | Construir | Guard Tower |
| 12:37 | Construir | Guard Tower |
| 12:38 | Construir | Guard Tower |
| 12:40 | Construir | Guard Tower |
| 12:54 | Crear | Knight ×5 |
| 12:54 | Crear | Knight ×5 |
| 12:55 | Crear | Knight ×5 |
| 12:55 | Crear | Knight ×5 |
| 12:55 | Crear | Knight ×5 |
| 12:55 | Crear | Knight ×5 |
| 12:56 | Crear | Knight ×5 |
| 12:56 | Crear | Knight ×2 |
| 12:57 | Crear | Knight |
| 12:57 | Crear | Knight |
| 12:58 | Crear | Knight |
| 13:43 | Construir | Stable |
| 13:45 | Construir | Stable |
| 13:46 | Construir | Stable |
| 13:48 | Construir | Stable |
| 13:50 | Construir | Stable |
| 13:51 | Construir | Stable |
| 15:01 | Crear | Knight ×5 |
| 15:01 | Crear | Knight ×5 |
| 15:02 | Crear | Knight ×5 |
| 15:02 | Crear | Knight ×5 |
| 15:02 | Crear | Knight ×5 |
| 15:02 | Crear | Knight ×5 |
| 15:03 | Crear | Knight ×5 |
| 15:03 | Crear | Knight ×5 |
| 15:03 | Crear | Knight ×5 |
| 15:03 | Crear | Knight ×5 |
| 15:13 | Crear | Knight ×5 |
| 15:13 | Crear | Knight ×5 |
| 15:13 | Crear | Knight ×5 |
| 15:13 | Crear | Knight ×5 |
| 15:14 | Crear | Knight ×5 |
| 15:14 | Crear | Knight ×5 |
| 15:14 | Crear | Knight ×5 |
| 15:14 | Crear | Knight ×5 |
| 15:14 | Crear | Knight ×5 |
| 15:28 | Crear | Knight ×5 |
| 15:29 | Crear | Knight ×5 |
| 15:29 | Crear | Knight |
| 15:30 | Crear | Knight ×5 |
| 15:30 | Crear | Knight ×5 |
| 15:30 | Crear | Knight ×4 |
| 15:30 | Crear | Knight ×4 |
| 16:14 | Crear | Knight ×5 |
| 16:15 | Crear | Knight ×5 |
| 16:15 | Crear | Knight ×5 |
| 16:16 | Crear | Knight ×5 |
| 16:16 | Crear | Knight ×5 |
| 16:16 | Crear | Knight ×5 |
| 16:16 | Crear | Knight ×5 |
| 16:16 | Crear | Knight ×5 |
| 16:17 | Crear | Knight ×4 |
| 16:17 | Crear | Knight ×5 |
Build order — Queen Bee
Primeras 150 de 361 acciones detectadas
| 4:43 | Construir | Stable |
| 4:45 | Construir | Stable |
| 5:13 | Construir | Stable |
| 5:15 | Construir | Stable |
| 5:50 | Construir | Stable |
| 5:52 | Construir | Stable |
| 6:33 | Construir | Stable |
| 7:29 | Construir | Stable |
| 7:30 | Construir | Stable |
| 7:31 | Construir | Stable |
| 7:32 | Construir | Stable |
| 8:58 | Construir | Stable |
| 9:32 | Construir | Stable |
| 10:16 | Construir | Stable |
| 11:26 | Construir | Stable |
| 11:46 | Construir | Stable |
| 11:47 | Construir | Stable |
| 12:26 | Construir | Stable |
| 12:27 | Construir | Stable |
| 12:50 | Investigar | Bloodlines |
| 13:08 | Construir | Archery Range |
| 13:11 | Investigar | Husbandry |
| 13:11 | Crear | Knight ×5 |
| 13:11 | Crear | Knight ×5 |
| 13:12 | Crear | Knight ×5 |
| 13:12 | Crear | Knight ×5 |
| 13:12 | Crear | Knight ×5 |
| 13:13 | Crear | Knight ×5 |
| 13:13 | Crear | Knight ×5 |
| 13:13 | Crear | Knight ×5 |
| 13:13 | Crear | Knight ×5 |
| 13:14 | Crear | Knight ×5 |
| 13:14 | Crear | Knight ×5 |
| 13:14 | Crear | Knight ×5 |
| 13:29 | Crear | Knight ×5 |
| 13:29 | Crear | Knight ×5 |
| 13:30 | Crear | Knight ×5 |
| 13:30 | Crear | Knight ×5 |
| 13:30 | Crear | Knight ×5 |
| 13:30 | Crear | Knight ×5 |
| 13:31 | Crear | Knight ×5 |
| 13:31 | Crear | Knight ×5 |
| 13:31 | Crear | Knight ×5 |
| 13:32 | Crear | Knight ×5 |
| 13:32 | Crear | Knight ×5 |
| 13:32 | Crear | Knight ×5 |
| 13:55 | Crear | Knight ×5 |
| 13:56 | Crear | Knight ×5 |
| 13:56 | Crear | Knight ×5 |
| 13:56 | Crear | Knight ×5 |
| 13:56 | Crear | Knight ×5 |
| 13:57 | Crear | Knight ×5 |
| 13:57 | Crear | Knight ×5 |
| 13:57 | Crear | Knight ×5 |
| 13:58 | Crear | Knight ×5 |
| 13:58 | Crear | Knight ×5 |
| 13:58 | Crear | Knight ×5 |
| 13:59 | Crear | Knight ×5 |
| 13:59 | Crear | Knight ×5 |
| 14:05 | Construir | Archery Range |
| 14:11 | Construir | Archery Range |
| 14:14 | Investigar | Light Cavalry (upgrade) |
| 14:15 | Crear | Knight ×5 |
| 14:16 | Crear | Knight ×5 |
| 14:16 | Crear | Knight ×5 |
| 14:16 | Crear | Knight ×5 |
| 14:17 | Crear | Knight ×5 |
| 14:17 | Crear | Knight ×5 |
| 14:17 | Crear | Knight ×5 |
| 14:17 | Crear | Knight ×5 |
| 14:18 | Crear | Knight ×5 |
| 14:18 | Crear | Knight ×5 |
| 14:48 | Investigar | Bodkin Arrow |
| 14:49 | Investigar | Iron Casting |
| 14:50 | Investigar | Chain Barding Armor |
| 14:50 | Investigar | Leather Archer Armor |
| 14:51 | Investigar | Chain Mail Armor |
| 14:53 | Investigar | Ballistics |
| 14:53 | Investigar | Guard Tower (upgrade) |
| 14:55 | Investigar | Tech 908 |
| 15:14 | Crear | Knight ×5 |
| 15:14 | Crear | Knight ×5 |
| 15:14 | Crear | Knight ×5 |
| 15:15 | Crear | Knight ×5 |
| 15:15 | Crear | Knight ×5 |
| 15:15 | Crear | Knight ×5 |
| 15:15 | Crear | Knight ×5 |
| 15:16 | Crear | Knight ×5 |
| 15:16 | Crear | Knight ×4 |
| 15:17 | Crear | Knight ×4 |
| 15:22 | Construir | Archery Range |
| 15:24 | Construir | Archery Range |
| 15:25 | Construir | Archery Range |
| 15:37 | Investigar | Crossbowman (upgrade) |
| 15:38 | Crear | Cavalry Archer ×5 |
| 15:38 | Investigar | Elite Skirmisher (upgrade) |
| 15:38 | Crear | Cavalry Archer ×5 |
| 15:39 | Crear | Cavalry Archer ×5 |
| 15:39 | Crear | Cavalry Archer ×5 |
| 15:39 | Crear | Cavalry Archer ×5 |
| 15:39 | Crear | Cavalry Archer ×5 |
| 15:40 | Crear | Cavalry Archer ×3 |
| 15:47 | Crear | Knight ×5 |
| 15:47 | Crear | Knight ×5 |
| 15:47 | Crear | Knight ×5 |
| 15:52 | Crear | Knight |
| 16:02 | Construir | Watch Tower |
| 16:12 | Crear | Knight ×5 |
| 16:13 | Crear | Knight ×5 |
| 16:13 | Crear | Knight ×5 |
| 16:28 | Crear | Cavalry Archer ×5 |
| 16:28 | Crear | Cavalry Archer ×5 |
| 16:29 | Crear | Cavalry Archer ×5 |
| 16:29 | Crear | Cavalry Archer ×5 |
| 16:29 | Crear | Cavalry Archer ×5 |
| 16:29 | Crear | Cavalry Archer ×5 |
| 16:30 | Crear | Cavalry Archer ×5 |
| 16:33 | Construir | Archery Range |
| 16:57 | Investigar | Tech 909 |
| 16:58 | Investigar | Careening |
| 17:29 | Crear | Cavalry Archer ×5 |
| 17:29 | Crear | Cavalry Archer ×5 |
| 17:29 | Crear | Cavalry Archer ×5 |
| 17:29 | Crear | Cavalry Archer ×5 |
| 17:30 | Crear | Cavalry Archer ×5 |
| 17:34 | Construir | Archery Range |
| 17:52 | Crear | Cavalry Archer ×2 |
| 18:01 | Crear | Knight ×5 |
| 18:01 | Crear | Knight ×5 |
| 18:02 | Crear | Knight ×5 |
| 18:02 | Crear | Knight ×5 |
| 18:02 | Crear | Knight ×5 |
| 18:03 | Crear | Knight ×5 |
| 18:03 | Crear | Knight ×5 |
| 18:03 | Crear | Knight ×5 |
| 18:03 | Crear | Knight ×5 |
| 18:38 | Construir | Archery Range |
| 18:39 | Construir | Archery Range |
| 18:57 | Crear | Knight ×5 |
| 18:57 | Crear | Knight ×5 |
| 18:58 | Crear | Knight ×5 |
| 18:58 | Crear | Knight ×5 |
| 18:58 | Crear | Knight ×5 |
| 18:59 | Crear | Knight ×5 |
| 18:59 | Crear | Knight ×5 |
| 19:00 | Crear | Knight ×2 |
| 19:12 | Crear | Knight ×5 |
| 19:13 | Crear | Knight ×5 |
| 19:13 | Crear | Knight ×5 |
| 19:13 | Crear | Knight ×2 |
Build order — HeraclesTheCat
121 acciones detectadas en el replay
| 7:35 | Construir | Stable |
| 7:37 | Construir | Stable |
| 7:38 | Construir | Stable |
| 7:40 | Construir | Stable |
| 12:45 | Construir | Stable |
| 12:47 | Construir | Stable |
| 12:49 | Construir | Stable |
| 12:50 | Construir | Stable |
| 12:55 | Construir | Stable |
| 12:57 | Construir | Stable |
| 12:59 | Construir | Stable |
| 13:01 | Construir | Stable |
| 13:03 | Construir | Stable |
| 18:08 | Construir | Stable |
| 18:10 | Construir | Stable |
| 20:57 | Construir | Stable |
| 20:59 | Construir | Stable |
| 23:00 | Construir | Stone Wall |
| 24:15 | Investigar | Husbandry |
| 24:19 | Crear | Knight ×5 |
| 24:20 | Crear | Knight ×5 |
| 24:20 | Crear | Knight ×5 |
| 24:20 | Crear | Knight ×5 |
| 24:21 | Crear | Knight ×5 |
| 24:21 | Crear | Knight ×5 |
| 24:21 | Crear | Knight ×5 |
| 24:22 | Crear | Knight ×5 |
| 24:22 | Crear | Knight ×5 |
| 24:22 | Crear | Knight ×5 |
| 24:23 | Crear | Knight ×5 |
| 24:23 | Crear | Knight ×5 |
| 24:23 | Crear | Knight ×5 |
| 24:24 | Crear | Knight ×5 |
| 24:24 | Crear | Knight ×5 |
| 24:24 | Crear | Knight ×5 |
| 24:25 | Crear | Knight ×5 |
| 24:25 | Crear | Knight ×5 |
| 24:25 | Crear | Knight ×5 |
| 24:26 | Crear | Knight ×5 |
| 24:26 | Crear | Knight ×5 |
| 24:26 | Crear | Knight ×5 |
| 24:27 | Crear | Knight ×5 |
| 24:27 | Crear | Knight ×5 |
| 24:27 | Crear | Knight ×5 |
| 24:28 | Crear | Knight ×5 |
| 24:28 | Crear | Knight ×5 |
| 24:28 | Crear | Knight ×5 |
| 24:58 | Investigar | Bearded Axe |
| 25:02 | Investigar | Ballistics |
| 25:02 | Investigar | Guard Tower (upgrade) |
| 25:03 | Investigar | Tech 909 |
| 25:04 | Investigar | Tech 908 |
| 25:04 | Investigar | Careening |
| 25:07 | Investigar | Chain Barding Armor |
| 25:08 | Investigar | Iron Casting |
| 25:09 | Investigar | Chain Mail Armor |
| 25:09 | Investigar | Bodkin Arrow |
| 25:10 | Investigar | Leather Archer Armor |
| 26:01 | Construir | Stable |
| 26:04 | Construir | Stable |
| 26:08 | Construir | Stable |
| 26:09 | Construir | Stable |
| 26:11 | Construir | Stable |
| 26:13 | Construir | Stable |
| 26:15 | Construir | Stable |
| 26:16 | Construir | Stable |
| 26:28 | Crear | Knight ×5 |
| 26:28 | Crear | Knight ×5 |
| 26:28 | Crear | Knight ×5 |
| 26:28 | Crear | Knight ×5 |
| 26:29 | Crear | Knight ×5 |
| 26:29 | Crear | Knight ×5 |
| 26:29 | Crear | Knight ×5 |
| 26:30 | Crear | Knight ×5 |
| 26:30 | Crear | Knight ×5 |
| 26:31 | Crear | Knight ×5 |
| 26:31 | Crear | Knight ×5 |
| 26:31 | Crear | Knight ×5 |
| 26:32 | Crear | Knight ×5 |
| 26:32 | Crear | Knight ×5 |
| 26:32 | Crear | Knight ×5 |
| 26:33 | Crear | Knight ×5 |
| 26:33 | Crear | Knight ×5 |
| 26:33 | Crear | Knight ×5 |
| 26:34 | Crear | Knight ×5 |
| 26:34 | Crear | Knight ×5 |
| 26:35 | Crear | Knight ×5 |
| 26:35 | Crear | Knight ×5 |
| 26:35 | Crear | Knight ×5 |
| 26:36 | Crear | Knight ×5 |
| 26:36 | Crear | Knight ×5 |
| 28:20 | Construir | Stable |
| 28:22 | Construir | Stable |
| 28:24 | Construir | Stable |
| 28:26 | Construir | Stable |
| 28:27 | Construir | Stable |
| 28:29 | Construir | Stable |
| 29:52 | Crear | Knight ×5 |
| 29:52 | Crear | Knight ×5 |
| 29:53 | Crear | Knight ×5 |
| 29:53 | Crear | Knight ×5 |
| 29:53 | Crear | Knight ×5 |
| 29:53 | Crear | Knight ×5 |
| 29:54 | Crear | Knight ×5 |
| 29:54 | Crear | Knight ×5 |
| 29:54 | Crear | Knight ×5 |
| 29:55 | Crear | Knight ×5 |
| 29:55 | Crear | Knight ×5 |
| 29:56 | Crear | Knight ×5 |
| 29:56 | Crear | Knight ×5 |
| 29:56 | Crear | Knight ×5 |
| 29:57 | Crear | Knight ×5 |
| 29:57 | Crear | Knight ×5 |
| 29:57 | Crear | Knight ×5 |
| 29:58 | Crear | Knight ×5 |
| 29:58 | Crear | Knight ×5 |
| 29:58 | Crear | Knight ×5 |
| 29:59 | Crear | Knight ×5 |
| 29:59 | Crear | Knight ×5 |
| 30:00 | Crear | Knight ×5 |
| 30:00 | Crear | Knight ×5 |
Build order — TroubleMaker
Primeras 150 de 238 acciones detectadas
| 13:01 | Construir | Archery Range |
| 13:03 | Construir | Archery Range |
| 13:06 | Construir | Archery Range |
| 13:07 | Construir | Archery Range |
| 13:11 | Investigar | Ballistics |
| 13:11 | Investigar | Ballistics |
| 13:11 | Investigar | Chemistry |
| 13:13 | Investigar | Treadmill Crane |
| 13:13 | Investigar | Treadmill Crane |
| 13:14 | Investigar | Guard Tower (upgrade) |
| 13:16 | Investigar | Iron Casting |
| 13:16 | Investigar | Chain Mail Armor |
| 13:17 | Investigar | Chain Barding Armor |
| 13:17 | Investigar | Chain Barding Armor |
| 13:18 | Investigar | Bodkin Arrow |
| 13:18 | Investigar | Bodkin Arrow |
| 13:18 | Investigar | Leather Archer Armor |
| 13:18 | Investigar | Leather Archer Armor |
| 13:21 | Investigar | Wagenburg Tactics |
| 13:21 | Investigar | Wagenburg Tactics |
| 14:08 | Construir | Archery Range |
| 14:09 | Construir | Archery Range |
| 14:11 | Construir | Archery Range |
| 14:12 | Construir | Archery Range |
| 15:54 | Crear | Hand Cannoneer ×5 |
| 15:55 | Crear | Hand Cannoneer ×5 |
| 15:55 | Crear | Hand Cannoneer ×5 |
| 15:55 | Crear | Hand Cannoneer ×5 |
| 15:55 | Crear | Hand Cannoneer ×5 |
| 15:56 | Crear | Hand Cannoneer ×5 |
| 15:56 | Crear | Hand Cannoneer ×5 |
| 15:56 | Crear | Hand Cannoneer ×5 |
| 15:56 | Crear | Hand Cannoneer ×5 |
| 15:57 | Crear | Hand Cannoneer ×5 |
| 15:57 | Crear | Hand Cannoneer ×5 |
| 15:57 | Crear | Hand Cannoneer ×5 |
| 15:57 | Crear | Hand Cannoneer ×5 |
| 16:16 | Construir | Archery Range |
| 16:18 | Construir | Archery Range |
| 16:19 | Construir | Archery Range |
| 16:20 | Construir | Archery Range |
| 16:22 | Construir | Archery Range |
| 16:23 | Construir | Archery Range |
| 16:31 | Crear | Hand Cannoneer ×5 |
| 16:31 | Crear | Hand Cannoneer ×5 |
| 16:32 | Crear | Hand Cannoneer ×5 |
| 16:32 | Crear | Hand Cannoneer ×5 |
| 16:32 | Crear | Hand Cannoneer ×5 |
| 16:32 | Crear | Hand Cannoneer ×5 |
| 16:33 | Crear | Hand Cannoneer ×5 |
| 16:33 | Crear | Hand Cannoneer ×5 |
| 16:59 | Crear | Hand Cannoneer ×5 |
| 16:59 | Crear | Hand Cannoneer ×5 |
| 16:59 | Crear | Hand Cannoneer ×5 |
| 16:59 | Crear | Hand Cannoneer ×5 |
| 17:21 | Crear | Hand Cannoneer ×5 |
| 17:22 | Crear | Hand Cannoneer ×5 |
| 17:22 | Crear | Hand Cannoneer ×5 |
| 17:22 | Crear | Hand Cannoneer ×5 |
| 17:23 | Crear | Hand Cannoneer ×2 |
| 17:23 | Crear | Hand Cannoneer ×4 |
| 17:24 | Crear | Hand Cannoneer ×4 |
| 17:55 | Crear | Hand Cannoneer ×5 |
| 17:55 | Crear | Hand Cannoneer ×5 |
| 17:56 | Crear | Hand Cannoneer ×5 |
| 17:56 | Crear | Hand Cannoneer ×5 |
| 17:56 | Crear | Hand Cannoneer ×5 |
| 17:56 | Crear | Hand Cannoneer ×5 |
| 17:57 | Crear | Hand Cannoneer ×3 |
| 17:58 | Crear | Hand Cannoneer ×5 |
| 17:58 | Crear | Hand Cannoneer ×5 |
| 17:59 | Crear | Hand Cannoneer ×5 |
| 17:59 | Crear | Hand Cannoneer ×5 |
| 17:59 | Crear | Hand Cannoneer ×5 |
| 18:21 | Crear | Hand Cannoneer ×3 |
| 18:21 | Crear | Hand Cannoneer ×3 |
| 18:23 | Crear | Hand Cannoneer ×5 |
| 18:23 | Crear | Hand Cannoneer ×5 |
| 18:23 | Crear | Hand Cannoneer ×5 |
| 18:24 | Crear | Hand Cannoneer ×5 |
| 18:24 | Crear | Hand Cannoneer ×5 |
| 19:05 | Investigar | Blast Furnace |
| 19:05 | Investigar | Plate Mail Armor |
| 19:05 | Investigar | Bracer |
| 19:06 | Investigar | Bracer |
| 19:06 | Investigar | Ring Archer Armor |
| 19:06 | Investigar | Ring Archer Armor |
| 19:10 | Investigar | Bombard Tower (upgrade) |
| 19:11 | Investigar | Keep (upgrade) |
| 19:11 | Investigar | Keep (upgrade) |
| 19:11 | Investigar | Arrowslits |
| 19:12 | Investigar | Siege Engineers |
| 19:12 | Investigar | Siege Engineers |
| 19:16 | Investigar | Elite Hussite Wagon (upgrade) |
| 19:18 | Investigar | Spies/Treason |
| 19:20 | Investigar | Hussite Reforms |
| 19:21 | Investigar | Conscription |
| 19:22 | Investigar | Sappers |
| 19:22 | Investigar | Sappers |
| 20:08 | Crear | Hand Cannoneer ×5 |
| 20:08 | Crear | Hand Cannoneer ×5 |
| 20:08 | Crear | Hand Cannoneer ×5 |
| 20:08 | Crear | Hand Cannoneer ×5 |
| 20:09 | Crear | Hand Cannoneer ×5 |
| 20:09 | Crear | Hand Cannoneer ×5 |
| 20:09 | Crear | Hand Cannoneer ×5 |
| 20:09 | Crear | Hand Cannoneer ×5 |
| 20:10 | Crear | Hand Cannoneer ×5 |
| 20:10 | Crear | Hand Cannoneer ×5 |
| 20:10 | Crear | Hand Cannoneer ×5 |
| 20:10 | Crear | Hand Cannoneer ×5 |
| 20:31 | Construir | Watch Tower |
| 21:06 | Crear | Hand Cannoneer ×5 |
| 21:06 | Crear | Hand Cannoneer ×5 |
| 21:06 | Crear | Hand Cannoneer ×5 |
| 21:07 | Crear | Hand Cannoneer ×5 |
| 21:07 | Crear | Hand Cannoneer ×5 |
| 21:07 | Crear | Hand Cannoneer ×5 |
| 21:07 | Crear | Hand Cannoneer ×5 |
| 21:08 | Crear | Hand Cannoneer ×5 |
| 21:08 | Crear | Hand Cannoneer ×5 |
| 21:08 | Crear | Hand Cannoneer ×5 |
| 21:09 | Crear | Hand Cannoneer ×5 |
| 21:09 | Crear | Hand Cannoneer ×3 |
| 21:09 | Crear | Hand Cannoneer ×3 |
| 22:00 | Construir | Bombard Tower |
| 22:01 | Construir | Bombard Tower |
| 22:05 | Construir | Bombard Tower |
| 22:44 | Crear | Hand Cannoneer ×5 |
| 22:44 | Crear | Hand Cannoneer ×5 |
| 22:45 | Crear | Hand Cannoneer ×5 |
| 22:45 | Crear | Hand Cannoneer ×5 |
| 22:45 | Crear | Hand Cannoneer ×5 |
| 22:45 | Crear | Hand Cannoneer ×5 |
| 22:46 | Crear | Hand Cannoneer ×5 |
| 22:46 | Crear | Hand Cannoneer ×5 |
| 23:28 | Construir | Stable |
| 23:39 | Construir | Bombard Tower |
| 24:34 | Crear | Hand Cannoneer ×5 |
| 24:35 | Crear | Hand Cannoneer ×5 |
| 24:35 | Crear | Hand Cannoneer ×5 |
| 24:35 | Crear | Hand Cannoneer ×5 |
| 24:35 | Crear | Hand Cannoneer ×5 |
| 24:36 | Crear | Hand Cannoneer ×5 |
| 24:38 | Investigar | Cavalier (upgrade) |
| 24:38 | Investigar | Cavalier (upgrade) |
| 24:38 | Investigar | Husbandry |
| 24:39 | Investigar | Husbandry |
| 24:39 | Investigar | Husbandry |
| 25:21 | Crear | Hand Cannoneer ×5 |
Build order — Jeff Epstein
Primeras 150 de 359 acciones detectadas
| 3:42 | Construir | Archery Range |
| 4:05 | Construir | Archery Range |
| 4:07 | Construir | Archery Range |
| 4:08 | Construir | Archery Range |
| 5:01 | Construir | Archery Range |
| 5:03 | Construir | Archery Range |
| 5:04 | Construir | Archery Range |
| 6:29 | Construir | Archery Range |
| 6:31 | Construir | Archery Range |
| 7:59 | Construir | Archery Range |
| 8:01 | Construir | Archery Range |
| 9:23 | Construir | Archery Range |
| 9:46 | Construir | Archery Range |
| 9:48 | Construir | Archery Range |
| 10:47 | Construir | Archery Range |
| 10:49 | Construir | Archery Range |
| 10:52 | Investigar | Chain Mail Armor |
| 10:52 | Investigar | Iron Casting |
| 10:53 | Investigar | Bodkin Arrow |
| 10:55 | Investigar | Treadmill Crane |
| 10:55 | Investigar | Ballistics |
| 10:57 | Investigar | Tech 1006 |
| 10:57 | Investigar | Tech 1006 |
| 10:59 | Investigar | Leather Archer Armor |
| 11:19 | Construir | Stable |
| 11:31 | Construir | Barracks |
| 12:12 | Investigar | Thumb Ring |
| 12:13 | Investigar | Thumb Ring |
| 12:13 | Investigar | Heavy Cavalry Archer (upgrade) |
| 12:13 | Investigar | Heavy Cavalry Archer (upgrade) |
| 12:27 | Investigar | Husbandry |
| 12:27 | Investigar | Husbandry |
| 12:29 | Investigar | Arson |
| 12:30 | Investigar | Arson |
| 12:30 | Investigar | Arson |
| 13:01 | Construir | Archery Range |
| 13:11 | Construir | Archery Range |
| 13:40 | Construir | Archery Range |
| 13:44 | Investigar | Chain Barding Armor |
| 14:10 | Crear | Cavalry Archer ×5 |
| 14:10 | Crear | Cavalry Archer ×5 |
| 14:11 | Crear | Cavalry Archer ×5 |
| 14:11 | Crear | Cavalry Archer ×5 |
| 14:51 | Crear | Cavalry Archer ×5 |
| 14:51 | Crear | Cavalry Archer ×5 |
| 14:51 | Crear | Cavalry Archer ×5 |
| 14:52 | Crear | Cavalry Archer ×5 |
| 14:52 | Crear | Cavalry Archer ×5 |
| 14:52 | Crear | Cavalry Archer ×5 |
| 14:53 | Crear | Cavalry Archer ×5 |
| 15:01 | Crear | Cavalry Archer ×5 |
| 15:02 | Crear | Cavalry Archer ×5 |
| 15:02 | Crear | Cavalry Archer ×5 |
| 15:03 | Crear | Cavalry Archer ×5 |
| 15:03 | Crear | Cavalry Archer ×5 |
| 15:08 | Construir | Archery Range |
| 15:11 | Construir | Archery Range |
| 15:18 | Crear | Cavalry Archer ×5 |
| 15:18 | Crear | Cavalry Archer ×5 |
| 15:18 | Crear | Cavalry Archer ×5 |
| 15:19 | Crear | Cavalry Archer ×5 |
| 15:19 | Crear | Cavalry Archer ×5 |
| 15:19 | Crear | Cavalry Archer ×5 |
| 15:38 | Crear | Cavalry Archer ×5 |
| 15:38 | Crear | Cavalry Archer ×5 |
| 15:38 | Crear | Cavalry Archer ×5 |
| 15:38 | Crear | Cavalry Archer ×5 |
| 15:39 | Crear | Cavalry Archer ×5 |
| 15:44 | Crear | Cavalry Archer ×5 |
| 15:44 | Crear | Cavalry Archer ×5 |
| 15:44 | Crear | Cavalry Archer ×5 |
| 15:45 | Crear | Cavalry Archer ×5 |
| 15:45 | Crear | Cavalry Archer ×5 |
| 15:45 | Crear | Cavalry Archer ×5 |
| 16:08 | Crear | Cavalry Archer ×5 |
| 16:09 | Crear | Cavalry Archer ×5 |
| 16:09 | Crear | Cavalry Archer ×5 |
| 16:09 | Crear | Cavalry Archer ×5 |
| 17:07 | Crear | Cavalry Archer ×5 |
| 17:08 | Crear | Cavalry Archer ×5 |
| 17:08 | Crear | Cavalry Archer ×5 |
| 17:08 | Crear | Cavalry Archer ×5 |
| 17:09 | Crear | Cavalry Archer ×5 |
| 17:33 | Crear | Cavalry Archer ×5 |
| 17:33 | Crear | Cavalry Archer ×5 |
| 17:34 | Crear | Cavalry Archer ×5 |
| 17:41 | Crear | Cavalry Archer ×5 |
| 17:41 | Crear | Cavalry Archer ×5 |
| 17:41 | Crear | Cavalry Archer ×5 |
| 17:48 | Construir | Archery Range |
| 17:57 | Crear | Cavalry Archer ×5 |
| 17:57 | Crear | Cavalry Archer ×5 |
| 17:57 | Crear | Cavalry Archer ×5 |
| 17:57 | Crear | Cavalry Archer ×5 |
| 17:58 | Crear | Cavalry Archer ×5 |
| 17:58 | Crear | Cavalry Archer ×5 |
| 17:58 | Crear | Cavalry Archer ×5 |
| 18:07 | Crear | Cavalry Archer ×5 |
| 18:07 | Crear | Cavalry Archer ×5 |
| 18:08 | Crear | Cavalry Archer ×5 |
| 18:25 | Crear | Cavalry Archer ×5 |
| 18:25 | Crear | Cavalry Archer ×5 |
| 18:39 | Crear | Cavalry Archer ×5 |
| 18:39 | Crear | Cavalry Archer ×5 |
| 18:39 | Crear | Cavalry Archer ×5 |
| 18:47 | Crear | Cavalry Archer ×5 |
| 18:47 | Crear | Cavalry Archer ×5 |
| 18:47 | Crear | Cavalry Archer ×5 |
| 18:48 | Crear | Cavalry Archer ×5 |
| 18:51 | Construir | Archery Range |
| 19:07 | Crear | Cavalry Archer ×5 |
| 19:07 | Crear | Cavalry Archer ×5 |
| 19:08 | Crear | Cavalry Archer ×5 |
| 19:08 | Crear | Cavalry Archer ×5 |
| 19:08 | Crear | Cavalry Archer ×5 |
| 19:08 | Crear | Cavalry Archer ×5 |
| 19:09 | Crear | Cavalry Archer ×5 |
| 19:16 | Investigar | Bracer |
| 19:17 | Investigar | Ring Archer Armor |
| 19:19 | Investigar | Plate Mail Armor |
| 19:21 | Investigar | Chemistry |
| 19:22 | Investigar | Conscription |
| 19:23 | Investigar | Tech 1007 |
| 19:23 | Investigar | Tech 1002 |
| 19:23 | Investigar | Tech 1007 |
| 19:23 | Investigar | Tech 1002 |
| 19:23 | Investigar | Spies/Treason |
| 19:24 | Investigar | Spies/Treason |
| 19:26 | Investigar | Parthian Tactics |
| 19:26 | Investigar | Parthian Tactics |
| 19:35 | Construir | Stable |
| 19:38 | Construir | Stable |
| 19:42 | Crear | Cavalry Archer ×5 |
| 19:42 | Crear | Cavalry Archer ×5 |
| 19:49 | Investigar | Ring Archer Armor |
| 19:52 | Crear | Cavalry Archer ×5 |
| 19:52 | Crear | Cavalry Archer ×5 |
| 20:16 | Crear | Cavalry Archer ×5 |
| 20:16 | Crear | Cavalry Archer ×5 |
| 20:16 | Crear | Cavalry Archer ×5 |
| 20:25 | Investigar | Plate Barding Armor |
| 20:33 | Investigar | Elite Steppe Lancer (upgrade) |
| 20:33 | Investigar | Elite Steppe Lancer (upgrade) |
| 21:00 | Crear | Cavalry Archer ×5 |
| 21:01 | Crear | Cavalry Archer ×5 |
| 21:01 | Crear | Cavalry Archer ×5 |
| 21:01 | Crear | Cavalry Archer ×5 |
| 21:01 | Crear | Cavalry Archer ×5 |
| 21:02 | Crear | Cavalry Archer ×5 |
| 21:02 | Crear | Cavalry Archer ×5 |
Build order — [SWRD] OverGame
Primeras 150 de 434 acciones detectadas
| 7:51 | Construir | Barracks |
| 8:00 | Construir | Barracks |
| 8:02 | Construir | Barracks |
| 8:03 | Construir | Barracks |
| 8:08 | Construir | Barracks |
| 8:13 | Construir | Barracks |
| 8:17 | Construir | Barracks |
| 8:19 | Construir | Barracks |
| 8:20 | Construir | Barracks |
| 8:23 | Construir | Barracks |
| 9:23 | Investigar | Long Swordsman (upgrade) |
| 9:23 | Investigar | Pikeman (upgrade) |
| 9:24 | Investigar | Long Swordsman (upgrade) |
| 9:24 | Investigar | Pikeman (upgrade) |
| 9:28 | Construir | Barracks |
| 9:29 | Construir | Barracks |
| 9:30 | Construir | Barracks |
| 9:31 | Construir | Barracks |
| 9:33 | Construir | Barracks |
| 9:37 | Construir | Barracks |
| 9:39 | Construir | Barracks |
| 9:40 | Construir | Barracks |
| 9:42 | Construir | Barracks |
| 9:43 | Construir | Barracks |
| 10:51 | Crear | Militia ×5 |
| 10:52 | Crear | Militia ×5 |
| 10:52 | Crear | Militia ×5 |
| 10:52 | Crear | Militia ×5 |
| 10:53 | Crear | Militia ×5 |
| 10:53 | Crear | Militia ×5 |
| 10:53 | Crear | Militia ×5 |
| 10:54 | Crear | Militia ×5 |
| 10:54 | Crear | Militia ×5 |
| 10:54 | Crear | Militia ×5 |
| 10:55 | Crear | Militia ×5 |
| 10:55 | Crear | Militia ×5 |
| 10:55 | Crear | Militia ×5 |
| 10:56 | Crear | Militia ×5 |
| 10:56 | Crear | Militia ×5 |
| 10:56 | Crear | Militia ×5 |
| 10:57 | Crear | Militia ×5 |
| 12:10 | Crear | Militia ×5 |
| 12:11 | Crear | Militia ×5 |
| 12:11 | Crear | Militia ×5 |
| 12:11 | Crear | Militia ×5 |
| 12:12 | Crear | Militia ×5 |
| 12:12 | Crear | Militia ×5 |
| 12:13 | Crear | Militia ×5 |
| 12:13 | Crear | Militia ×5 |
| 12:13 | Crear | Militia ×5 |
| 12:14 | Crear | Militia ×5 |
| 12:14 | Crear | Militia ×5 |
| 12:14 | Crear | Militia ×5 |
| 12:15 | Crear | Militia ×5 |
| 12:16 | Crear | Militia ×5 |
| 12:16 | Crear | Militia ×5 |
| 12:17 | Crear | Militia ×5 |
| 12:18 | Crear | Militia ×5 |
| 12:18 | Crear | Militia ×5 |
| 12:19 | Crear | Militia ×5 |
| 12:19 | Crear | Militia ×5 |
| 13:28 | Crear | Militia ×5 |
| 13:28 | Crear | Militia ×5 |
| 13:28 | Crear | Militia ×5 |
| 13:29 | Crear | Militia ×5 |
| 13:29 | Crear | Militia ×5 |
| 13:29 | Crear | Militia ×5 |
| 13:30 | Crear | Militia ×5 |
| 13:30 | Crear | Militia ×5 |
| 13:30 | Crear | Militia ×5 |
| 13:31 | Crear | Militia ×5 |
| 13:31 | Crear | Militia ×5 |
| 13:31 | Crear | Militia ×5 |
| 13:32 | Crear | Militia ×2 |
| 13:32 | Crear | Militia ×2 |
| 13:35 | Crear | Militia ×2 |
| 13:35 | Crear | Militia ×2 |
| 13:36 | Crear | Militia ×2 |
| 13:38 | Crear | Militia |
| 13:38 | Crear | Militia |
| 14:10 | Crear | Militia ×5 |
| 14:11 | Crear | Militia ×5 |
| 14:11 | Crear | Militia ×5 |
| 14:11 | Crear | Militia ×5 |
| 14:12 | Crear | Militia ×5 |
| 14:12 | Crear | Militia ×5 |
| 14:12 | Crear | Militia ×5 |
| 14:13 | Crear | Militia ×5 |
| 14:13 | Crear | Militia ×5 |
| 14:13 | Crear | Militia ×5 |
| 14:14 | Crear | Militia ×4 |
| 14:28 | Crear | Militia ×5 |
| 14:28 | Crear | Militia ×5 |
| 14:29 | Crear | Militia ×4 |
| 14:32 | Crear | Militia ×2 |
| 16:52 | Crear | Militia ×5 |
| 16:52 | Crear | Militia ×5 |
| 16:52 | Crear | Militia ×5 |
| 16:53 | Crear | Militia ×5 |
| 16:53 | Crear | Militia ×5 |
| 16:53 | Crear | Militia ×5 |
| 16:53 | Crear | Militia ×5 |
| 16:54 | Crear | Militia ×5 |
| 16:54 | Crear | Militia ×5 |
| 16:54 | Crear | Militia ×5 |
| 16:55 | Crear | Militia ×5 |
| 16:55 | Crear | Militia ×5 |
| 17:00 | Construir | Archery Range |
| 17:01 | Construir | Archery Range |
| 17:02 | Construir | Archery Range |
| 17:04 | Construir | Archery Range |
| 18:19 | Investigar | Bodkin Arrow |
| 18:19 | Investigar | Leather Archer Armor |
| 18:20 | Investigar | Chain Barding Armor |
| 18:20 | Investigar | Iron Casting |
| 18:20 | Investigar | Chain Mail Armor |
| 18:22 | Investigar | Ballistics |
| 18:23 | Investigar | Ballistics |
| 18:23 | Investigar | Guard Tower (upgrade) |
| 18:24 | Investigar | Guard Tower (upgrade) |
| 18:32 | Investigar | Two-Handed Swordsman (upgrade) |
| 18:33 | Investigar | Squires |
| 18:34 | Investigar | Arson |
| 18:36 | Investigar | Gambesons |
| 18:37 | Investigar | Halberdier (upgrade) |
| 18:47 | Investigar | Crossbowman (upgrade) |
| 18:47 | Investigar | Crossbowman (upgrade) |
| 18:48 | Crear | Archer ×5 |
| 18:48 | Crear | Archer ×5 |
| 18:49 | Crear | Archer ×5 |
| 18:49 | Crear | Archer ×5 |
| 18:49 | Crear | Archer ×5 |
| 18:50 | Crear | Archer ×5 |
| 19:05 | Crear | Militia ×5 |
| 19:06 | Crear | Militia ×5 |
| 19:06 | Crear | Militia ×5 |
| 19:06 | Crear | Militia ×5 |
| 19:07 | Crear | Militia ×5 |
| 19:07 | Crear | Militia ×5 |
| 19:07 | Crear | Militia ×5 |
| 19:08 | Crear | Militia ×5 |
| 19:08 | Crear | Militia ×5 |
| 19:08 | Crear | Militia ×5 |
| 19:09 | Crear | Militia ×5 |
| 19:09 | Crear | Militia ×5 |
| 19:09 | Crear | Militia ×5 |
| 19:10 | Crear | Militia ×5 |
| 19:10 | Crear | Militia ×5 |
| 20:10 | Crear | Militia ×5 |
| 20:12 | Investigar | Champion (upgrade) |
Build order — kızılelma
Primeras 150 de 164 acciones detectadas
| 13:21 | Construir | Stable |
| 13:23 | Construir | Stable |
| 13:24 | Construir | Stable |
| 13:26 | Construir | Stable |
| 14:12 | Construir | Stable |
| 14:14 | Construir | Stable |
| 14:15 | Construir | Stable |
| 14:16 | Construir | Stable |
| 15:01 | Investigar | Bloodlines |
| 15:13 | Construir | Gate |
| 15:23 | Construir | Gate |
| 15:25 | Construir | Gate |
| 16:36 | Construir | Stable |
| 16:37 | Construir | Stable |
| 16:39 | Construir | Stable |
| 16:40 | Construir | Stable |
| 16:42 | Construir | Stable |
| 16:43 | Construir | Stable |
| 16:44 | Construir | Stable |
| 20:42 | Investigar | Chain Barding Armor |
| 20:43 | Investigar | Iron Casting |
| 20:46 | Investigar | Kamandaran |
| 20:50 | Crear | Knight ×5 |
| 20:50 | Crear | Knight ×5 |
| 20:51 | Crear | Knight ×5 |
| 20:51 | Crear | Knight ×5 |
| 20:51 | Crear | Knight ×5 |
| 20:52 | Crear | Knight ×5 |
| 20:52 | Crear | Knight ×5 |
| 20:52 | Crear | Knight ×5 |
| 20:52 | Crear | Knight ×5 |
| 20:53 | Crear | Knight ×5 |
| 20:53 | Crear | Knight ×5 |
| 20:53 | Crear | Knight ×5 |
| 20:53 | Crear | Knight ×5 |
| 20:53 | Crear | Knight ×5 |
| 20:54 | Crear | Knight ×5 |
| 20:54 | Crear | Knight ×5 |
| 20:54 | Crear | Knight ×5 |
| 20:55 | Crear | Knight ×5 |
| 20:55 | Crear | Knight ×5 |
| 20:55 | Crear | Knight ×5 |
| 20:55 | Crear | Knight ×5 |
| 20:56 | Crear | Knight ×5 |
| 20:56 | Crear | Knight ×5 |
| 20:56 | Crear | Knight ×5 |
| 20:57 | Crear | Knight ×5 |
| 20:57 | Crear | Knight ×5 |
| 20:57 | Crear | Knight ×5 |
| 20:58 | Crear | Knight ×5 |
| 20:58 | Crear | Knight ×5 |
| 20:58 | Crear | Knight ×5 |
| 20:58 | Crear | Knight ×5 |
| 20:58 | Crear | Knight ×5 |
| 22:04 | Crear | Knight ×5 |
| 22:05 | Crear | Knight ×5 |
| 22:05 | Crear | Knight ×5 |
| 22:05 | Crear | Knight ×5 |
| 22:05 | Crear | Knight ×5 |
| 22:06 | Crear | Knight ×5 |
| 22:06 | Crear | Knight ×5 |
| 22:06 | Crear | Knight ×5 |
| 22:06 | Crear | Knight ×5 |
| 22:17 | Construir | Stable |
| 22:19 | Construir | Stable |
| 22:20 | Construir | Stable |
| 22:24 | Construir | Stable |
| 23:21 | Crear | Knight ×5 |
| 23:21 | Crear | Knight ×5 |
| 23:21 | Crear | Knight ×5 |
| 23:22 | Crear | Knight ×5 |
| 23:22 | Crear | Knight ×5 |
| 23:22 | Crear | Knight ×5 |
| 23:22 | Crear | Knight ×5 |
| 23:23 | Crear | Knight ×5 |
| 23:23 | Crear | Knight ×5 |
| 23:23 | Crear | Knight ×5 |
| 25:01 | Crear | Knight ×5 |
| 25:02 | Crear | Knight ×5 |
| 25:02 | Crear | Knight ×5 |
| 25:02 | Crear | Knight ×5 |
| 25:02 | Crear | Knight ×5 |
| 25:03 | Crear | Knight ×5 |
| 25:03 | Crear | Knight ×5 |
| 25:03 | Crear | Knight ×5 |
| 25:04 | Crear | Knight ×5 |
| 25:04 | Crear | Knight ×5 |
| 25:04 | Crear | Knight ×5 |
| 25:04 | Crear | Knight ×5 |
| 25:05 | Crear | Knight ×5 |
| 25:05 | Crear | Knight ×5 |
| 25:05 | Crear | Knight ×5 |
| 25:05 | Crear | Knight ×5 |
| 25:06 | Crear | Knight ×5 |
| 25:06 | Crear | Knight ×2 |
| 25:37 | Crear | Knight ×5 |
| 25:37 | Crear | Knight ×5 |
| 25:37 | Crear | Knight ×5 |
| 25:37 | Crear | Knight ×4 |
| 26:21 | Crear | Knight ×5 |
| 26:21 | Crear | Knight ×5 |
| 26:22 | Crear | Knight ×5 |
| 26:22 | Crear | Knight ×5 |
| 26:22 | Crear | Knight ×5 |
| 26:22 | Crear | Knight ×5 |
| 26:23 | Crear | Knight ×5 |
| 26:30 | Investigar | Bodkin Arrow |
| 26:31 | Investigar | Leather Archer Armor |
| 26:58 | Crear | Knight ×5 |
| 26:58 | Crear | Knight ×5 |
| 26:59 | Crear | Knight ×5 |
| 26:59 | Crear | Knight ×2 |
| 27:28 | Crear | Knight ×5 |
| 27:28 | Crear | Knight ×5 |
| 27:29 | Crear | Knight ×5 |
| 27:29 | Crear | Knight ×5 |
| 27:29 | Crear | Knight ×2 |
| 28:24 | Crear | Knight ×5 |
| 28:24 | Crear | Knight ×5 |
| 28:24 | Crear | Knight ×5 |
| 28:25 | Crear | Knight ×5 |
| 28:25 | Crear | Knight ×5 |
| 28:25 | Crear | Knight ×5 |
| 28:26 | Crear | Knight ×5 |
| 28:26 | Crear | Knight ×5 |
| 28:26 | Crear | Knight ×5 |
| 28:26 | Crear | Knight ×5 |
| 28:30 | Crear | Camel Scout ×5 |
| 28:30 | Crear | Camel Scout ×5 |
| 29:26 | Crear | Knight ×5 |
| 29:26 | Crear | Knight ×5 |
| 29:27 | Crear | Knight ×5 |
| 29:27 | Crear | Knight ×5 |
| 29:27 | Crear | Knight ×5 |
| 29:28 | Crear | Knight ×5 |
| 29:28 | Crear | Knight ×5 |
| 29:59 | Crear | Knight ×5 |
| 29:59 | Crear | Knight ×5 |
| 29:59 | Crear | Knight ×5 |
| 29:59 | Crear | Knight ×5 |
| 30:00 | Crear | Knight ×5 |
| 30:06 | Crear | Knight |
| 30:06 | Crear | Knight |
| 30:31 | Crear | Knight ×5 |
| 30:32 | Crear | Camel Scout ×5 |
| 30:32 | Crear | Camel Scout ×5 |
| 30:33 | Crear | Camel Scout ×5 |
| 31:18 | Crear | Knight ×5 |
| 31:18 | Crear | Knight ×5 |
| 31:18 | Crear | Knight ×5 |
Cronología de la partida
| 3:42 | Jeff Epstein · first_building Archery Range |
| 4:35 | [M8]Iggles · first_building Barracks |
| 4:37 | [M8]Iggles · first_building Stable |
| 4:43 | Queen Bee · first_building Stable |
| 7:35 | HeraclesTheCat · first_building Stable |
| 7:51 | [SWRD] OverGame · first_building Barracks |
| 11:19 | Jeff Epstein · first_building Stable |
| 11:31 | Jeff Epstein · first_building Barracks |
| 13:01 | TroubleMaker · first_building Archery Range |
| 13:08 | Queen Bee · first_building Archery Range |
| 13:21 | kızılelma · first_building Stable |
| 17:00 | [SWRD] OverGame · first_building Archery Range |
| 20:36 | [SWRD] OverGame · first_building Siege Workshop |
| 22:27 | sigothepotatoguy · first_building Stable |
| 23:00 | HeraclesTheCat · wall_segment Stone Wall x14 |
| 23:28 | TroubleMaker · first_building Stable |
| 26:13 | [SWRD] OverGame · first_building Stable |
| 31:58 | Queen Bee · first_building Siege Workshop |
| 34:12 | kızılelma · resign |
[ ANÁLISIS IA · 1 CRÉDITO ]
¿Qué pasó realmente en esta partida?
Wolo.gg analiza cada decisión: build order, eco, micro, errores típicos por bracket. Análisis personalizado por WhatsApp o Discord en 30 segundos.
Guía civ
Teutones
Guía mapa
CBA_=REQUIEM=_V292 (Scenario)
Perfil
Jugador #19608552